AoeStats
← menghuwandg

Arena

506993778Analyzed
3v3 RM · 17d ago on Sep 16, 2026· 47m 48s· 6 players
Game mode
Random Map
Map size
Normal (6 player)
Population
200
Speed
Normal
Resources
Standard
Victory
Conquest
Starting age
Dark Age
Ending age
Imperial Age
RankedLock teamsTeams togetherTeam positionsShared explorationLock speedFull tech treeHidden civsTurbo modeCheats
Victory
Defeat
🇨🇦 Saracens · Canada
797
+12
🇨🇦 Magyars · Canada
797
+12
🇨🇦 Poles · Canada
797
+12
🇧🇴 Teutons · Bolivia
728
-13
🇨🇳 Lithuanians · China
715
-12
🇨🇴 Bohemians · Colombia
683
-11
judisama
8:02 Loom
11:51 Feudal Age
13:16 Town Watch
16:18 Castle Age
15:04 Double-Bit Axe
15:02 Horse Collar
17:38 Wheelbarrow
18:14 Pikeman
21:01 Squires
21:40 Forging
23:15 Chemistry
24:34 Bow Saw
25:11 Ballistics
29:16 Iron Casting
29:49 Arson
30:45 Scale Mail Armor
31:22 Wagenburg Tactics
34:38 Imperial Age
35:12 Elite Hussite Wagon
36:19 Conscription
36:54 Halberdier
39:02 Hussite Reforms
40:33 Chain Mail Armor
44:24 Fervor
44:33 Block Printing
44:57 Theocracy
44:51 Sanctity
44:43 Redemption
menghuwandg
10:35 Feudal Age
15:42 Castle Age
13:58 Double-Bit Axe
16:47 Horse Collar
22:56 Forging
24:27 Heavy Plow
25:05 Wheelbarrow
24:51 Bloodlines
24:42 Husbandry
25:06 Gold Mining
27:12 Stone Mining
31:39 Hand Cart
33:58 Imperial Age
32:21 Iron Casting
31:52 Scale Barding Armor
32:08 Town Watch
32:35 Loom
34:06 Bow Saw
35:10 Conscription
34:11 Elite Leitis
37:25 Stone Shaft Mining
37:38 Caravan
44:55 Chain Barding Armor
davidbanegasr
10:19 Feudal Age
11:46 Wheelbarrow
11:00 Double-Bit Axe
11:43 Horse Collar
22:55 Castle Age
21:50 Stone Mining
21:52 Gold Mining
25:23 Hand Cart
25:21 Bow Saw
25:14 Heavy Plow
29:09 Pikeman
35:37 Imperial Age
34:22 Forging
34:13 Scale Mail Armor
35:30 Fortified Wall
37:18 Chemistry
37:09 Iron Casting
36:50 Chain Mail Armor
36:13 Halberdier
38:45 Heavy Scorpion
41:53 Blast Furnace
41:23 Plate Mail Armor
Hot Salad
11:28 Feudal Age
12:35 Loom
15:37 Castle Age
13:34 Double-Bit Axe
13:32 Horse Collar
17:28 Bow Saw
17:20 Heavy Plow
22:25 Stone Mining
22:27 Gold Mining
24:13 Wheelbarrow
30:11 Imperial Age
28:26 Scale Barding Armor
28:31 Forging
29:40 Chain Barding Armor
29:33 Bloodlines
29:24 Husbandry
31:29 Iron Casting
31:59 Plate Barding Armor
32:12 Hand Cart
32:54 Town Watch
34:32 Blast Furnace
34:24 Elite Mameluke
36:34 Bimaristan
36:30 Fletching
PreGhostSlimer
12:21 Feudal Age
14:18 Loom
16:51 Castle Age
15:19 Double-Bit Axe
18:23 Bow Saw
18:15 Horse Collar
20:13 Heavy Plow
27:06 Wheelbarrow
26:44 Gold Mining
26:45 Stone Mining
30:20 Imperial Age
28:00 Scale Barding Armor
29:01 Forging
29:12 Chain Barding Armor
29:07 Szlachta Privileges
29:23 Town Watch
30:20 Iron Casting
30:04 Husbandry
30:14 Bloodlines
30:32 Cavalier
31:49 Hand Cart
31:39 Town Patrol
33:03 Blast Furnace
44:54 Conscription
DipshitGrimace
11:50 Feudal Age
15:36 Castle Age
13:45 Double-Bit Axe
13:58 Horse Collar
16:16 Loom
16:55 Bow Saw
22:03 Wheelbarrow
22:41 Heavy Plow
25:24 Hand Cart
26:29 Gold Mining
30:33 Imperial Age
29:01 Fletching
29:12 Padded Archer Armor
30:09 Bodkin Arrow
31:05 Gold Shaft Mining
30:38 Thumb Ring
31:21 Bracer
31:36 Leather Archer Armor
31:46 Ballistics
32:26 Chemistry
31:38 Masonry
32:59 Parthian Tactics
32:23 Heavy Cavalry Archer
33:44 Recurve Bow
34:06 Conscription
35:02 Ring Archer Armor
Connection lost

Rejoining the realm…

Still unreachable

The connection could not be restored.

Session expired

The server has moved on; the page needs a fresh start.